[Event "AZE-ch Men 2019"]
[Site "Baku"]
[Date "2019.01.24"]
[Round "9"]
[White "Babazada, Khazar"]
[Black "Guliyev, Gasan"]
[Result "1-0"]
[ECO "C18"]
[WhiteElo "2299"]
[BlackElo "1997"]
[Annotator "NA"]
[PlyCount "111"]
[EventDate "2019.01.16"]
[EventType "swiss"]
[EventCountry "AZE"]
[SourceTitle "playchess.com"]
[Source "ChessBase"]
[SourceQuality "1"]
[TimeControl "40/5400+30:1800+30"]

1. e4 e6 2. d4 d5 3. Nc3 Bb4 4. e5 c5 5. a3 Bxc3+ 6. bxc3 Nc6 7. Nf3 Qa5 8. Bd2 c4 9. a4 Nge7 10. h4 {[%emt 0:00:26] C19: French: 3 Nc3 Bb4: Main line: 7 Nf3 and 7 a4} (10. Ng5 h6 11. Nh3 Bd7 12. Nf4 O-O-O 13. Nh5 Rh7 14. g3 Rf8 15. Bh3 f5 16. exf6 gxf6 17. O-O Ng8 {1-0 (33) Sethuraman,S (2631)-Puranik,A (2520) Sharjah 2018}) 10... Bd7 11. h5 h6 {[%emt 0:00:14] LiveBook: 12 Games} 12. Nh4 O-O-O 13. Be2 g5 14. Nf3 $146 ({White should play Predecessor:} 14. hxg6 $1 $14 fxg6 15. Bg4 (15. g3 g5 16. Ng2 {0-1 (37) De Vreugt,D (2285)-Bodicker,R (2125) Haarlem 1997})) 14... Ng8 15. Nh2 f5 16. Qc1 Nge7 17. Qa3 Kb8 18. Kd1 Nc8 19. f4 g4 20. Nf1 b6 21. Ne3 Qa6 22. Ke1 Ka8 23. Kf2 Qb7 24. g3 Be8 25. Bf1 N8e7 26. Bg2 Na5 27. Qa2 Bc6 28. Bc1 Qd7 29. Ba3 Rb8 30. Bb4 Rb7 31. Qa3 Rc8 32. Rhb1 Rcb8 33. Ke2 Qe8 34. Kd2 Qd7 35. Qc1 Ng8 36. Qh1 Qe8 (36... Rc8 $11) 37. Rc1 Rc8 38. Rcb1 Rcb8 39. Bxa5 bxa5 40. Rxb7 Kxb7 41. Nxc4 Kc7 42. Nxa5 Bxa4 43. Qc1 Qb5 44. Qa3 Qxa5 45. Qxa4 Qxa4 46. Rxa4 Rb1 47. Rxa7+ Kb6 48. Rg7 Rg1 49. Bxd5 ({Less strong is} 49. Rxg8 Rxg2+ 50. Ke1 Kc7 $16) 49... exd5 50. Rxg8 Rg2+ 51. Kc1 Rxg3 52. Rf8 Rh3 53. Rxf5 Kb5 54. e6 Kc4 55. Kb2 Re3 56. Re5 1-0

[Event "AZE-ch Men 2019"]
[Site "Baku"]
[Date "2019.01.24"]
[Round "9"]
[White "Abbasov, Amil"]
[Black "Guliev, Sarhan"]
[Result "0-1"]
[ECO "C54"]
[WhiteElo "2190"]
[BlackElo "2342"]
[Annotator "NA"]
[PlyCount "80"]
[EventDate "2019.01.16"]
[EventType "swiss"]
[EventCountry "AZE"]
[SourceTitle "playchess.com"]
[Source "ChessBase"]
[SourceQuality "1"]
[TimeControl "40/5400+30:1800+30"]

1. e4 e5 2. Nf3 Nc6 3. Bc4 Bc5 4. c3 Nf6 5. d4 exd4 6. e5 d5 7. Bb5 Ne4 8. cxd4 Bb6 9. Be3 {[%emt 0:14:17] LiveBook: 69 Games C54: Giuoco Piano: 4 c3 Nf6, main lines with 5 d4 and 5 d3} (9. Nc3 O-O 10. Be3 Bg4 11. h3 Bh5 12. Qc2 Nxc3 13. bxc3 f6 14. exf6 Qxf6 15. Be2 Rae8 16. O-O Kh8 17. a4 Bg6 {1-0 (41) Jones,G (2682)-Jakovenko,D (2735) St Petersburg 2018}) 9... Bd7 10. Qb3 Ne7 11. Bxd7+ $146 ({Predecessor:} 11. Be2 Bg4 12. h3 Bh5 13. Nc3 O-O 14. Rd1 c6 15. g4 Bg6 16. Nh4 Ba5 {1-0 (44) Zhang,Z (2613)-Wen,Y (2497) Jiangsu Wuxi 2008}) 11... Qxd7 12. Nc3 O-O 13. O-O Nxc3 14. bxc3 c6 15. a4 Ba5 16. Bc1 Rfe8 17. Ba3 Ng6 18. Bb4 Bc7 19. Ne1 Nf4 20. Qd1 f6 21. g3 $1 Nh3+ 22. Kg2 Ng5 23. Qh5 (23. f4 $11 Ne4 24. Nd3) 23... a5 24. exf6 {[%emt 0:01:36] [#]} Ne4 $1 25. Ba3 Nxf6 26. Qd1 Ne4 27. Qd3 Re6 28. Bc1 Rf8 (28... g5 $142 29. Nf3 Rh6) 29. Ra2 Qe8 30. Re2 Qh5 31. f3 $1 Ref6 32. Rh1 Ng5 33. Bxg5 Qxg5 34. Qe3 Bf4 35. Qe7 Bd2 36. h4 Qh6 37. f4 Bxf4 38. gxf4 Qxf4 39. Rg1 Qxh4 40. Nf3 Rg6+ 0-1

[Event "AZE-ch Men 2019"]
[Site "Baku"]
[Date "2019.01.24"]
[Round "9"]
[White "Isgandarov, Shahriyar"]
[Black "Davidov, Samir"]
[Result "1/2-1/2"]
[ECO "B00"]
[WhiteElo "2113"]
[BlackElo "2344"]
[Annotator "NA"]
[PlyCount "123"]
[EventDate "2019.01.16"]
[EventType "swiss"]
[EventCountry "AZE"]
[SourceTitle "playchess.com"]
[Source "ChessBase"]
[SourceQuality "1"]
[TimeControl "40/5400+30:1800+30"]

1. e4 d6 2. d4 Nf6 3. Bd3 e5 4. c3 Nc6 5. Ne2 Bg4 {[%emt 0:00:33] B07: Pirc Defence: Miscellaneous Systems} (5... d5 6. exd5 Qxd5 7. O-O exd4 8. cxd4 Be7 9. Nbc3 Qd8 10. Bf4 Nb4 11. Bc4 c6 12. Be5 O-O 13. Nf4 Ng4 14. Qe2 Bg5 {0-1 (41) Salem,A (2591)-Petrosian,T (2641) Abu Dhabi 2014}) 6. f3 Bd7 7. O-O Be7 $146 ({Predecessor:} 7... a5 8. Nd2 exd4 9. cxd4 Nb4 10. Bb1 Bb5 11. a3 Nc6 12. d5 Ne5 13. Kh1 {1-0 (52) Wu,Q (1825)-Gagnon,S (2034) Montreal 2010}) 8. d5 Nb8 9. Na3 c6 10. c4 Qb6+ 11. Kh1 Na6 12. Rb1 Nb4 13. Nc2 Nxd3 14. Qxd3 cxd5 15. exd5 Rc8 16. Ng3 O-O 17. b3 a5 18. a4 Ne8 19. Be3 Qd8 20. f4 g6 21. f5 Bg5 22. Ne4 Bxf5 23. Rxf5 ({Weaker is} 23. Bxg5 Qxg5 24. Na3 Bxe4 $17) 23... Bxe3 24. Nxe3 gxf5 25. Nxf5 f6 26. Qg3+ Kh8 27. Nexd6 Qd7 28. Nxe8 Rcxe8 29. Rf1 Rg8 30. Qh4 Rg6 31. Ne3 ({Better is} 31. Qf2 $16) 31... Rf8 (31... Qd6 $11 {remains equal.}) 32. Qe4 Qd6 33. Nf5 Qb6 34. Qd3 Rg4 35. d6 Qc6 36. Qh3 Rg5 (36... Qe4 $1 $15 37. Ng3 Rf4) 37. Rd1 Rd8 38. Rd5 Qd7 39. Ng3 (39. g4 $11) 39... Qxh3 40. gxh3 {[%emt 0:00:00] [#]} e4 $1 41. Rxg5 fxg5 42. Nxe4 Kg7 43. c5 Kg6 (43... Kf7 $19 44. Kg2 h6) 44. Nd2 (44. Kg2 $17) 44... Rc8 45. d7 Rd8 46. Nc4 Kf6 ({Better is} 46... Kf5 $19 47. Nxa5 Rxd7) 47. Nxa5 Rxd7 48. b4 Ke6 49. b5 Kd5 50. c6 bxc6 51. Nxc6 Kc5 52. Kg2 h6 $11 (52... h5 $17 53. Ne5 Rd4) 53. h4 gxh4 54. Kh3 Rd2 55. Ne7 Ra2 56. Nf5 h5 57. Ng7 Rxa4 58. Nxh5 Kxb5 59. Nf6 Kc5 60. Ng4 Kd5 61. Kxh4 Rxg4+ 62. Kxg4 1/2-1/2

[Event "AZE-ch Men 2019"]
[Site "Baku"]
[Date "2019.01.24"]
[Round "9"]
[White "Ahadzade, Kanan"]
[Black "Ilyasli, Ughur"]
[Result "0-1"]
[ECO "E63"]
[WhiteElo "2019"]
[BlackElo "2148"]
[Annotator "NA"]
[PlyCount "118"]
[EventDate "2019.01.16"]
[EventType "swiss"]
[EventCountry "AZE"]
[SourceTitle "playchess.com"]
[Source "ChessBase"]
[SourceQuality "1"]
[TimeControl "40/5400+30:1800+30"]

1. d4 Nf6 2. c4 g6 3. Nf3 Bg7 4. Nc3 d6 5. g3 O-O 6. Bg2 Nc6 7. O-O a6 8. e4 Rb8 9. a4 Bg4 10. Be3 Nd7 {[%emt 0:00:05] E63: King's Indian: Fianchetto: Panno Variation with 7...a6} 11. h3 Bxf3 12. Bxf3 e5 13. d5 Nd4 14. Bg2 c5 15. f4 exf4 16. gxf4 f5 $146 ({Predecessor:} 16... b5 17. Ne2 Nxe2+ 18. Qxe2 bxc4 19. Qxc4 {0-1 (42) Carruana Fuentes,R (2055)-Fernandez Siles,L (2274) Mancha Real 2003}) 17. Kh2 Nf6 18. Bxd4 cxd4 19. Ne2 Nxe4 20. Nxd4 Bxd4 21. Qxd4 Qf6 22. Qxf6 Nxf6 23. b4 Rbc8 24. Rac1 a5 25. c5 axb4 26. c6 bxc6 27. dxc6 d5 28. Rfd1 Rfd8 29. Bf1 Ne4 30. Bb5 Nc3 31. Rd4 Re8 32. Rxb4 (32. Bd3 $17 {was necessary.}) 32... Na2 33. Rbb1 Nxc1 34. Rxc1 Rc7 35. Rd1 {[%emt 0:01:01] [#]} Rd8 $1 36. a5 Kf7 37. a6 Ke6 38. Ra1 Ra8 39. Rd1 Rb8 40. Ra1 Kd6 41. Ba4 Ra7 42. Bd1 Rb6 43. c7 Kxc7 44. Bf3 Raxa6 45. Rd1 Rb2+ 46. Kg1 Rd6 47. Rxd5 Rxd5 48. Bxd5 Kd6 49. Bg8 Rb7 50. Kf2 Kc5 51. Kg3 Kd4 52. Kh4 h6 53. Kg3 Ke3 54. Bd5 Rb4 55. Bf7 g5 56. fxg5 hxg5 57. Bd5 f4+ 58. Kg4 f3+ 59. Kg3 f2 0-1

[Event "AZE-ch Men 2019"]
[Site "Baku"]
[Date "2019.01.24"]
[Round "9"]
[White "Allahverdiyeva, Ayan"]
[Black "Zeynalov, Farid"]
[Result "0-1"]
[ECO "B90"]
[WhiteElo "1975"]
[BlackElo "2344"]
[Annotator "NA"]
[PlyCount "120"]
[EventDate "2019.01.16"]
[EventType "swiss"]
[EventCountry "AZE"]
[SourceTitle "playchess.com"]
[Source "ChessBase"]
[SourceQuality "1"]
[TimeControl "40/5400+30:1800+30"]

1. e4 c5 2. Nf3 d6 3. d4 cxd4 4. Nxd4 Nf6 5. Nc3 a6 6. Be3 e5 7. Nb3 Be6 8. f3 Be7 9. Qd2 O-O 10. O-O-O Nbd7 11. g4 b5 12. g5 b4 13. Ne2 $1 {[%emt 0:00:52] B90: Sicilian Najdorf: Unusual White 6th moves, 6 Be3 Ng4 and 6 Be3 e5} (13. Na4 Nh5 14. Qxb4 Bxg5 15. Bxg5 Qxg5+ 16. Kb1 Qf6 17. Qxd6 Qxf3 18. Rg1 Qe3 19. Bxa6 Nhf6 20. Rge1 Qa7 {1-0 (43) Yu,Y (2760)-Duda,J (2724) Liaocheng 2018}) 13... Nh5 14. Ng3 Nf4 15. h4 a5 16. Kb1 a4 {[%emt 0:01:45] [#]} 17. Nd4 $1 {[%emt 0:01:46] LiveBook: 5 Games} exd4 18. Bxf4 b3 19. cxb3 ({But not} 19. Qxd4 bxc2+ 20. Kxc2 Bxa2 $15) 19... axb3 20. a3 Qc7 21. Nf5 $146 Bxf5 $1 22. exf5 Qc5 23. f6 gxf6 24. Rc1 Qb6 25. gxf6 Bxf6 26. Bd3 Rfe8 27. Rhg1+ Kh8 28. Bxh7 Kxh7 29. Qd3+ Kh8 30. Qf5 Ra5 31. Qxd7 {[%emt 0:00:13] Double Attack} Qb5 32. Qxb5 Rxb5 33. Rcd1 Rf5 34. Bg5 Bg7 (34... Bxg5 $11 35. hxg5 Rf4) 35. Rd3 Rb5 36. Bf4 Re6 37. h5 Kh7 38. h6 Bh8 39. Bd2 Re2 40. Kc1 Bf6 41. Kd1 Re8 (41... Rh2 $11) 42. f4 Ra8 43. Ke2 (43. Kc1 $16) 43... Rc8 44. Rgg3 Rcb8 45. Bb4 (45. Kd1 $16) 45... Re8+ $16 (45... Rh5 $14) 46. Kd2 Bh4 47. Rg7+ Kxh6 48. Rg1 Bf2 49. Rh1+ Rh5 50. Rxh5+ Kxh5 51. Rxb3 d5 52. Bd6 Re6 53. Bb8 Kg4 54. Rb5 Kf3 55. Be5 Ke4 56. a4 Rc6 57. Rb7 Be3+ 58. Ke2 d3+ 59. Kf1 Kf3 60. Bc3 Rg6 0-1

[Event "AZE-ch Men 2019"]
[Site "Baku"]
[Date "2019.01.24"]
[Round "9"]
[White "Novruzov, Emin"]
[Black "Abdulov, Orkhan"]
[Result "0-1"]
[ECO "D71"]
[WhiteElo "1910"]
[BlackElo "2395"]
[Annotator "NA"]
[PlyCount "84"]
[EventDate "2019.01.16"]
[EventType "swiss"]
[EventCountry "AZE"]
[SourceTitle "playchess.com"]
[Source "ChessBase"]
[SourceQuality "1"]
[TimeControl "40/5400+30:1800+30"]

1. d4 Nf6 2. c4 g6 3. g3 Bg7 4. Bg2 O-O 5. Nc3 {[%emt 0:00:19] LiveBook: 5063 Games} d6 6. e4 e5 7. dxe5 dxe5 8. Qxd8 {[%emt 0:00:09] E72: King's Indian: 4 e4 d6 5 g3} (8. Bg5 c6 9. Nf3 Qe7 10. Qc1 Nbd7 11. O-O Nc5 12. Rd1 Qe6 13. Qe3 Ncd7 14. Qe2 Re8 15. h3 Bf8 {½-½ (33) Pedersen,F (2310)-Petersen,T (2323) Denmark 2013}) 8... Rxd8 9. Bg5 c6 10. Nf3 h6 11. Bd2 Nbd7 $146 ({Predecessor:} 11... Na6 12. Ke2 Nc5 13. Ne1 Be6 14. b3 Ng4 15. Rd1 f5 {½-½ (38) Stanojevic,D-Dimitrijevic,D Serbia 2011}) 12. O-O-O Ng4 13. Be1 Re8 14. h3 Ngf6 15. Nd2 Nc5 16. Kc2 a5 17. Nb3 Nfd7 18. f3 Ne6 19. a4 Nd4+ 20. Nxd4 exd4 21. Ne2 c5 22. Nf4 Nf6 23. b3 b6 24. Bf2 Bb7 25. Rhe1 g5 26. Nd5 Nxd5 27. cxd5 {[%emt 0:05:49] [#]} f5 $1 28. g4 (28. f4 $1 $11 {remains equal.}) 28... fxe4 29. fxe4 Be5 30. Rh1 Rf8 31. Be1 Ba6 32. Rd2 (32. h4 {keeps fighting.} Be2 33. Rd2 Bxg4 34. hxg5) 32... b5 33. Bf1 bxa4 34. Bxa6 Rxa6 35. bxa4 c4 36. Rf2 Rb8 37. Rf5 d3+ 38. Kd2 Bd4 39. d6 Rxd6 40. Rxa5 Rb2+ 41. Kc1 c3 42. Ra8+ Kh7 0-1